 Dungeon Crawl Stone Soup version 0.24.0-13-gcf9b319 (webtiles) character file.

Game seed: 9008828307233746877, levelgen mode: deterministic

2969 Balder the Shield-Bearer (level 9, -3/72 HPs)
             Began as a Demonspawn Fighter on Mar 18, 2020.
             Was a Follower of Makhleb.
             Slain by a two-headed ogre
             ... wielding a +0 giant club
              (17 damage)
             ... on level 8 of the Dungeon on Mar 22, 2020.
             The game lasted 00:47:32 (8011 turns).

Balder the Shield-Bearer (Demonspawn Fighter)       Turns: 8011, Time: 00:47:33

Health: -3/72      AC: 13    Str: 18    XL:     9   Next: 52%
Magic:  0/10       EV:  6    Int:  9    God:    Makhleb [*.....]
Gold:   378        SH: 10    Dex: 15    Spells: 6/8 levels left

rFire    . . .     SeeInvis .   a - +8 short sword "Ykyittav" {freeze, rC+}
rCold    + . .     Gourm    .   c - +0 shield
rNeg     . . .     Faith    .   v - +0 chain mail
rPois    .         Spirit   +   (no helmet)
rElec    .         Reflect  .   h - scarf {Spirit}
rCorr    .         Harm     .   (no gloves)
MR       .....                  w - +0 pair of boots
Stlth    +.........             (no amulet)
HPRegen  0.22/turn              (no ring)
MPRegen  0.12/turn              (no ring)

@: no status effects
A: claws 2, rugged brown scales 3, demonic guardian 1, nightstalker 1
a: Renounce Religion


You were on level 8 of the Dungeon.
You worshipped Makhleb.
Makhleb was aware of your devotion.
You were not hungry.

You visited 1 branch of the dungeon, and saw 8 of its levels.

You collected 410 gold pieces.
You spent 32 gold pieces at shops.

Inventory:

Hand Weapons
 a - the +8 short sword "Ykyittav" (weapon) {freeze, rC+}
   (You found it on level 4 of the Dungeon)

   It has been specially enchanted to freeze those struck by it, causing extra
   injury to most foes and up to half again as much damage against particularly
   susceptible opponents.
   It can also slow down cold-blooded creatures.
   It protects you from cold.
 b - a +0 spear of pain
 g - a +0 morningstar
 s - a +0 mace of protection
 G - a +0 short sword of venom
Missiles
 r - 11 poisoned darts (quivered)
Armour
 c - a +0 shield (worn)
 h - a scarf of spirit shield (worn)
 v - a +0 chain mail (worn)
 w - a +0 pair of boots (worn)
Wands
 A - a wand of flame (13)
Scrolls
 e - 5 scrolls of teleportation
 j - 6 scrolls of identify
 k - 5 scrolls of remove curse
 l - a scroll of fog {unknown}
 p - a scroll of random uselessness {unknown}
 x - a scroll of noise {unknown}
 y - a scroll of vulnerability {unknown}
 D - a scroll of blinking {unknown}
 E - 3 scrolls of magic mapping {unknown}
 F - a scroll of enchant armour {unknown}
Potions
 d - 3 potions of degeneration {unknown}
 i - 3 potions of heal wounds
 m - a potion of lignification {unknown}
 n - 3 potions of curing
 o - 2 potions of brilliance {unknown}
 q - a potion of agility {unknown}
 z - a potion of resistance {unknown}
 B - a potion of berserk rage {unknown}
Comestibles
 f - 28 rations
 u - 15 chunks of flesh


   Skills:
 * Level 5.2 Fighting
 * Level 5.4 Short Blades
 + Level 4.7 Maces & Flails
 * Level 2.0 Polearms
 + Level 0.2 Throwing
 + Level 4.8 Armour
 + Level 1.0 Dodging
 * Level 3.8 Stealth
 * Level 5.8 Shields
 * Level 3.9 Necromancy
 * Level 2.2 Invocations
 - Level 0.2 Evocations


You had 6 spell levels left.
You knew the following spells:

 Your Spells              Type           Power        Failure   Level  Hunger
a - Animate Skeleton      Necr           N/A          97%         1    ##.....
b - Corona                Hex            #......      100%        1    ##.....

Your spell library contained the following spells:

 Spells                   Type           Power        Failure   Level  Hunger
 Pain                     Necr           #...         97%         1    ##.....
 Sublimation of Blood     Necr           #.........   99%         2    ###....
 Beastly Appendage        Tmut           #.....       100%        1    ##.....
 Ensorcelled Hibernation  Hex/Ice        #.....       100%        2    ###....
 Sticks to Snakes         Tmut           #.......     100%        2    ###....
 Confuse                  Hex            #.......     100%        3    ####...
 Dazzling Spray           Conj/Hex       #.....       100%        3    ####...
 Regeneration             Chrm/Necr      #.........   100%        3    ####...
 Spider Form              Tmut/Pois      #.........   100%        3    ####...
 Tukima's Dance           Hex            #.......     100%        3    ####...
 Ice Form                 Ice/Tmut       #.......     100%        4    #####..
 Agony                    Necr           #.......     100%        5    ######.
 Blade Hands              Tmut           #.........   100%        5    ######.
 Borgnjor's Vile Clutch   Necr/Erth      #.........   100%        5    ######.
 Dispel Undead            Necr           #.......     100%        5    ######.
 Excruciating Wounds      Chrm/Necr      #.........   100%        5    ######.
 Simulacrum               Ice/Necr       #.........   100%        6    #######


Dungeon Overview and Level Annotations

Branches:
Dungeon (8/15)             Temple (0/1) D:4
   Lair: D:8-11

Altars:
Ashenzari
Gozag
Kikubaaqudgha
Makhleb
Ru
Vehumet
Wu Jian
Xom
Zin
The Shining One

Shops:
D:6 *


Innate Abilities, Weirdness & Mutations

You have very sharp fingernails.
You are completely covered in rugged brown scales. (AC +3, +7% HP)
A weak demonic guardian rushes to your aid.
You are slightly more attuned to the shadows.


Message History

The two-headed ogre is heavily wounded.
You block the two-headed ogre's attack.
The two-headed ogre hits you but does no damage.
You hit the two-headed ogre. You freeze the two-headed ogre.
The two-headed ogre is severely wounded.
The orc hits you but does no damage. The orc wizard casts a spell at you.
The magic dart hits you!
You barely miss the orc.
The two-headed ogre hits you with a +0 giant club! x2
The orc wizard gestures at you while chanting.
The magic dart hits you!
* * * LOW HITPOINT WARNING * * *
The orc hits you but does no damage.
Unknown command.
You hit the two-headed ogre. You freeze the two-headed ogre.
The two-headed ogre is severely wounded.
You block the orc's attack.
The two-headed ogre hits you with a +0 giant club!!
You die...

### ### ######## #..
....#########......#
#.#
=....ooO@.......##.#
#.#
....[.ooo.).#.#.##.#
#.#
......o####.#)#.##.#
#.# ......o.
#)#.#.##.####.#
.....#..
#.#.#..#.(....#
.....#...
..#.##.#######.
.....#........# ..
#...#. .. ## #.##..#
#.#..< ..
...###.##.###.


You could see a two-headed ogre, an orc warrior, an orc wizard and 5 orcs.

Vanquished Creatures
  2 hippogriffs (D:7)
  A yak (D:7)
  2 hogs (D:7)
  A human (D:7)
  An ice beast (D:6)
  A sky beast (D:8)
  A black bear (D:7)
  4 ogres
  2 centaurs
  A big kobold (D:7)
  A bullfrog (D:6)
  2 scorpions (D:7)
  2 howler monkeys
  A crimson imp (D:7)
  2 hounds
  A quasit (D:6)
  A jelly (D:8)
  5 orc wizards
  A centaur skeleton (D:8)
  4 orc priests
  5 worker ants
  3 iguanas
  A worker ant zombie (D:5)
  6 gnolls
  9 adders
  A shadow imp (D:6)
  An orc skeleton (D:8)
  2 adder skeletons
  2 worms
  A dart slug (D:1)
  4 leopard geckos
  28 orcs
  A bat skeleton (D:8)
  3 giant cockroaches
  12 goblins
  11 hobgoblins
  11 jackals
  19 kobolds
  3 quokkas
  A ball python (D:1)
  11 bats
  4 frilled lizards
  9 rats
184 creatures vanquished.

Vanquished Creatures (collateral kills)
  A hog (D:7)
  A centaur (D:7)
  A big kobold (D:7)
  A bullfrog (D:5)
  A jelly (D:7)
  A bullfrog skeleton (D:7)
  A worker ant (D:6)
  4 orcs
  2 jackals (D:7)
  4 kobolds (D:7)
17 creatures vanquished.

Grand Total: 201 creatures vanquished

Notes
Turn   | Place    | Note
-------+----------+-------------------------------------------
     0 | D:1      | Balder the Demonspawn Fighter began the quest for the Orb.
     0 | D:1      | Reached XP level 1. HP: 18/18 MP: 1/1
   133 | D:1      | Gained mutation: You have sharp fingernails. [demonic
                  | ancestry]
   133 | D:1      | Reached XP level 2. HP: 22/24 MP: 2/2
   470 | D:1      | Gained mutation: You are partially covered in rugged brown
                  | scales. (AC +1, +3% HP) [demonic ancestry]
   470 | D:1      | Reached XP level 3. HP: 24/29 MP: 3/3
  1518 | D:2      | Found an ancient bone altar of Kikubaaqudgha.
  1585 | D:2      | Became a worshipper of Kikubaaqudgha
  1704 | D:2      | Gained mutation: You are slightly more attuned to the
                  | shadows. [demonic ancestry]
  1704 | D:2      | Reached XP level 4. HP: 31/36 MP: 4/4
  2007 | D:2      | Found a glowing golden altar of the Shining One.
  2070 | D:2      | Reached skill level 1 in Stealth
  2539 | D:3      | Gained mutation: A weak demonic guardian rushes to your
                  | aid. [demonic ancestry]
  2539 | D:3      | Reached XP level 5. HP: 32/42 MP: 5/5
  3199 | D:3      | Reached * piety under Kikubaaqudgha
  3199 | D:3      | Identified Kikubaaqudgha's Catalogue of Evil Magic
                  | (Kikubaaqudgha gifted it to you on level 3 of the Dungeon)
  3199 | D:3      | Received a gift from Kikubaaqudgha
  3650 | D:4      | Got a twisted short sword
  3651 | D:4      | Identified the +8 short sword "Ykyittav" {freeze, rC+} (You
                  | found it on level 4 of the Dungeon)
  3735 | D:4      | Found an opulent altar of Gozag.
  3755 | D:4      | Found a staircase to the Ecumenical Temple.
  3843 | D:4      | Found a shattered altar of Ashenzari.
  3954 | D:4      | Gained mutation: You are mostly covered in rugged brown
                  | scales. (AC +2, +5% HP) [demonic ancestry]
  3954 | D:4      | Reached XP level 6. HP: 37/50 MP: 4/6
  4470 | D:4      | Learned a level 1 spell: Animate Skeleton
  4563 | D:5      | Entered Level 5 of the Dungeon
  4608 | D:5      | Reached skill level 1 in Necromancy
  5062 | D:5      | Found a glowing silver altar of Zin.
  5067 | D:5      | Found an ornate altar of the Wu Jian Council.
  5129 | D:5      | Gained mutation: You have very sharp fingernails. [demonic
                  | ancestry]
  5129 | D:5      | Reached XP level 7. HP: 55/56 MP: 7/7
  5650 | D:6      | Reached ** piety under Kikubaaqudgha
  5666 | D:6      | Reached skill level 1 in Short Blades
  5731 | D:6      | Found Tiv Zuo's Assorted Antiques.
  5805 | D:6      | HP: 1/57 [ogre/+0 giant club (9)]
  5810 | D:6      | HP: 2/57 [ogre/+0 giant club (17)]
  5943 | D:6      | Reached XP level 8. HP: 29/64 MP: 8/8
  6199 | D:6      | Found a radiant altar of Vehumet.
  6631 | D:6      | Found a sparkling altar of Nemelex Xobeh.
  6633 | D:6      | Found a shimmering altar of Xom.
  6633 | D:6      | Found a basalt altar of Yredelemnul.
  6638 | D:6      | Found a basalt altar of Yredelemnul.
  6638 | D:6      | Found a sparkling altar of Nemelex Xobeh.
  6638 | D:6      | Found a bloodstained altar of Trog.
  6836 | D:6      | Bought a scroll labeled ODUYTOPSUS for 32 gold pieces
  6924 | D:7      | Reached skill level 5 in Shields
  6938 | D:7      | Noticed a hippogriff
  6952 | D:7      | Killed a hippogriff
  6952 | D:7      | Reached skill level 1 in Polearms
  7073 | D:7      | Noticed a hippogriff
  7083 | D:7      | Killed a hippogriff
  7083 | D:7      | Reached *** piety under Kikubaaqudgha
  7083 | D:7      | Identified Kikubaaqudgha's Disquisition on Stolen Souls
                  | (Kikubaaqudgha gifted it to you on level 7 of the Dungeon)
  7083 | D:7      | Received a gift from Kikubaaqudgha
  7083 | D:7      | Reached skill level 5 in Fighting
  7090 | D:7      | Learned a level 1 spell: Corona
  7211 | D:7      | Found a burning altar of Makhleb.
  7225 | D:7      | Fell from the grace of Kikubaaqudgha
  7225 | D:7      | Became a worshipper of Makhleb the Destroyer
  7297 | D:7      | Gained mutation: You are completely covered in rugged brown
                  | scales. (AC +3, +7% HP) [demonic ancestry]
  7297 | D:7      | Reached XP level 9. HP: 39/72 MP: 5/9
  7302 | D:7      | Reached skill level 1 in Invocations
  7408 | D:7      | Found a sacrificial altar of Ru.
  7485 | D:7      | Reached skill level 1 in Dodging
  7493 | D:7      | Reached skill level 5 in Short Blades
  7543 | D:7      | Found a sacrificial altar of Ru.
  7994 | D:8      | Reached * piety under Makhleb
  7995 | D:8      | Noticed a two-headed ogre
  8011 | D:8      | Slain by a two-headed ogre

Levels and vault maps discovered:
D:1:      sevenhm_arrival_forest_fort_large_4, layout_basic
D:2:      layout_loops_ring, lemuel_doored_altar, nicolae_tso_swordbearing_angel
D:3:      layout_basic, minivault_25, minmay_misc_feat_four_crosses,
          guppyfry_early_orc_mine
D:4:      layout_basic, kennysheep_mini_moat, old_standard_altar,
          minmay_temple_entry_drinking_statues, first_ration,
          kennysheep_generic_room_14
D:5:      layout_basic, grunt_temple_overflow_open
D:6:      layout_rooms, vehumet_altar_wand_db, doesnt_xom_only_xom,
          serial_shops, kennysheep_mini
D:7:      layout_gridville, lemuel_round_altar, nicolae_overflow_crystal_walls,
          basic_altar, mrwooster_statue_mirror, grunt_livestock,
          kennysheep_pointless_box
D:8:      layout_basic, minmay_fractal_squares_gapless_5

Skill      XL: |  1  2  3  4  5  6  7  8  9 |
---------------+----------------------------+-----
Shields        | 3 4 5 |  5.8
Maces & Flails | 2 3 4 |  4.7
Stealth        | 1 2 3 |  3.8
Armour         | 3 4 |  4.8
Necromancy     | 1 2 3 |  3.9
Fighting       | 4 5 |  5.2
Short Blades   | 2 4 5 |  5.4
Polearms       | 1 2 |  2.0
Invocations    | 2 |  2.2
Dodging        | 1 |  1.0
Throwing       | |  0.2
Evocations     | |  0.2

Action                   |  1- 3 |  4- 6 |  7- 9 || total
-------------------------+-------+-------+-------++-------
Melee: Flail             |   198 |   164 |     1 ||   363
       Short sword       |       |    44 |   243 ||   287
       Spear             |       |       |    39 ||    39
Throw: Throwing net      |     1 |     1 |       ||     2
       Dart              |       |       |     8 ||     8
Invok: Receive Corpses   |       |     1 |       ||     1
  Use: Potion            |       |     1 |     8 ||     9
       Scroll            |       |       |     6 ||     6
 Stab: Held in net/web   |       |     1 |       ||     1
       Distracted        |       |       |     1 ||     1
  Eat: Chunk             |     3 |    11 |    10 ||    24
Armor: Scale mail        |   120 |    37 |       ||   157
       Chain mail        |       |    58 |   156 ||   214
Dodge: Dodged            |    63 |    46 |    61 ||   170
Block: Shield            |   105 |   103 |   144 ||   352
